AoeStats
← RICARDONE ES SABALERO

Marketplace

504115717Analyzed
1v1 RM · 27d ago on Sep 4, 2026· 52m 15s· 2 players
Game mode
Random Map
Map size
Tiny (2 player)
Population
200
Speed
Normal
Resources
Standard
Victory
Conquest
Starting age
Dark Age
Ending age
Imperial Age
RankedLock teamsTeams togetherTeam positionsShared explorationLock speedFull tech treeHidden civsTurbo modeCheats
Victory
Defeat
🇦🇷 Franks · Argentina
1197
+15
🇨🇦 Spanish · Canada
1182
-15
Failed Math Test
11:10 Feudal Age
11:38 Man-at-Arms
12:14 Double-Bit Axe
13:20 Horse Collar
20:51 Castle Age
22:14 Bow Saw
27:43 Pikeman
29:22 Sanctity
35:43 Imperial Age
38:23 Chemistry
39:17 Loom
41:03 Two-Man Saw
42:04 Bloodlines
41:54 Husbandry
43:12 Ballistics
42:25 Light Cavalry
45:34 Inquisition
46:16 Squires
47:48 Wheelbarrow
47:48 Halberdier
47:52 Elite Skirmisher
RICARDONE ES SABALERO
7:22 Loom
9:44 Feudal Age
10:05 Man-at-Arms
15:18 Double-Bit Axe
20:46 Castle Age
25:03 Scale Barding Armor
26:03 Fletching
26:32 Elite Skirmisher
27:18 Husbandry
29:54 Forging
32:24 Bow Saw
34:58 Bodkin Arrow
34:56 Town Watch
37:56 Gold Mining
38:36 Chain Barding Armor
38:52 Iron Casting
41:40 Imperial Age
41:34 Wheelbarrow
42:47 Gold Shaft Mining
41:46 Cavalier
43:17 Hand Cart
43:42 Plate Barding Armor
44:08 Blast Furnace
44:02 Paladin
45:25 Conscription
45:07 Chivalry
45:59 Scale Mail Armor
46:32 Light Cavalry
50:37 Devotion
Connection lost

Rejoining the realm…

Still unreachable

The connection could not be restored.

Session expired

The server has moved on; the page needs a fresh start.